 Dungeon Crawl Stone Soup version 0.26.0-91-g99b343417d (webtiles) character file.

Game seed: 12936485276114844653

23 Gadfly the Shield-Bearer (level 3, -6/29 HPs)
             Began as a Formicid Fighter on Feb 3, 2021.
             Mangled by a gnoll
             ... wielding a +0 short sword
              (8 damage)
             ... on level 2 of the Dungeon.
             The game lasted 00:01:49 (907 turns).

Gadfly the Shield-Bearer (Formicid Fighter)          Turns: 907, Time: 00:01:50

Health: -6/29      AC:  6    Str: 21    XL:     3   Next: 12%
Magic:  3/3        EV:  8    Int:  7    God:
Gold:   65         SH:  9    Dex: 10    Spells: 2/2 levels left

rFire    . . .     SeeInvis +   a - +0 war axe
rCold    . . .     Faith    .   c - +0 kite shield
rNeg     . . .     Spirit   .   b - +0 scale mail
rPois    .         Reflect  .   (helmet unavailable)
rElec    .         Harm     .   (no cloak)
rCorr    .         Rampage  .   (no gloves)
Will     .....                  (no boots)
Stlth    ..........             (no amulet)
HPRegen  0.09/turn              (no ring)
MPRegen  0.08/turn              (no ring)

@: no status effects
A: permanent stasis, dig shafts and tunnels, four strong arms, antennae 3
a: Dig, Shaft Self


You were on level 2 of the Dungeon.
You visited 1 branch of the dungeon, and saw 2 of its levels.

You collected 65 gold pieces.

Inventory:

Hand Weapons
 a - a +0 war axe (weapon)
Armour
 b - a +0 scale mail (worn)
 c - a +0 kite shield (worn)
Scrolls
 e - a scroll of remove curse
Potions
 d - 2 potions of might
 f - a potion of magic {unknown}


   Skills:
 + Level 3.3 Fighting
 * Level 2.2 Axes
 * Level 0.7 Crossbows
 + Level 3.4 Armour
 + Level 3.7 Shields
 * Level 1.2 Invocations
 * Level 1.0 Evocations


You had 2 spell levels left.
You didn't know any spells.
Your spell library was empty.

Dungeon Overview and Level Annotations

Branches:
Dungeon (2/15)

Altars:


Innate Abilities, Weirdness & Mutations

You cannot be hasted, slowed, berserked, paralysed or teleported.
You can dig through walls and to a lower floor.
Your four strong arms can wield two-handed weapons with a shield.
You have a pair of large antennae on your head. (SInv)


Message History

You are too injured to fight recklessly!
You are too injured to fight recklessly!
You are too injured to fight recklessly!
You are too injured to fight recklessly!
You are too injured to fight recklessly!
You are too injured to fight recklessly!
You are too injured to fight recklessly!
Unknown command.
You barely miss the gnoll.
The gnoll is heavily wounded.
The gnoll barely misses you.
The gnoll hits you from afar with a +0 halberd!
* * * LOW HITPOINT WARNING * * *
The gnoll closely misses you. The gnoll hits you but does no damage.
Unknown command.
The gnoll closely misses you.
Okay, then.
You block the gnoll's attack.
The gnoll hits you with a +0 short sword!
You die...

#.# ########)...# #.#
#........####
#.#########........#
#.#.......#........#######
#.........+.......g'.....+
#.#.......#........#######
#.#.......#.....gg.#
#.#.......#......g.###
#.#.......#.....@....#
#.###############....# #.#
#....# #.# #....# #.#
#....# #.# ###### #.# #.#
#.#


You could see 4 gnolls.

Vanquished Creatures
  A dart slug (D:1)
  2 bats
  2 giant cockroaches
  3 goblins (D:1)
  A hobgoblin (D:1)
  3 jackals (D:1)
  6 kobolds
  A rat (D:1)
19 creatures vanquished.

Vanquished Creatures (others)
  35 plants (D:1)
35 creatures vanquished.

Grand Total: 54 creatures vanquished

Notes
Turn   | Place    | Note
-------+----------+-------------------------------------------
     0 | D:1      | Gadfly the Formicid Fighter began the quest for the Orb.
     0 | D:1      | Reached XP level 1. HP: 18/18 MP: 1/1
   289 | D:1      | Reached XP level 2. HP: 18/24 MP: 2/2
   496 | D:1      | Reached skill level 1 in Invocations
   852 | D:2      | Reached skill level 1 in Evocations
   852 | D:2      | Reached XP level 3. HP: 29/29 MP: 3/3
   900 | D:2      | HP: 1/29 [gnoll/+0 halberd (12)]
   907 | D:2      | Mangled by a gnoll

Illustrated notes

Levels and vault maps discovered:
D:1:      roderic_crop_circles_arrival_small, layout_loops_ring
D:2:      layout_basic, grunt_temple_overflow_growth_and_decay, xom_teletrap_fun

Skill      XL: |  1  2 |
---------------+-------+-----
Invocations    | 1 |  1.2
Evocations     | 1 |  1.0
Fighting       | |  3.3
Axes           | |  2.2
Crossbows      | |  0.7
Armour         | |  3.4
Shields        | |  3.7

Action                   || total
-------------------------++-------
Melee: War axe           ||    84
  Use: Scroll            ||     4
Armor: Scale mail        ||    52
Dodge: Dodged            ||    32
Block: Kite shield       ||    45
